 Dungeon Sprint DCSS version 0.30-a0-1066-g63dfefce0d (webtiles) character file.

Game seed: 16968460365481662132

973 dialectric the Basher (level 8, -8/61 HPs)
             Began as a Gargoyle Gladiator on Apr 9, 2023.
             Was an Initiate of Trog.
             Mangled by a wyvern (14 damage)
             ... in the Dungeon (Sprint II: "The Violet Keep of Menkaure") on Apr 12, 2023.
             The game lasted 00:03:54 (588 turns).

dialectric the Basher (Gargoyle Gladiator)           Turns: 588, Time: 00:03:56

Health: -8/61      AC: 10    Str: 19    XL:     8   Next: 16%
Magic:  16/16      EV: 12    Int:  8    God:    Trog [......]
Gold:   352        SH:  0    Dex:  9    Spells: 7/7 levels left

rFire   . . .      SeeInvis +    a - +0 flail
rCold   . . .      Faith    .    (no shield)
rNeg    + . .      Spirit   .    b - +0 leather armour
rPois   ∞          Reflect  .    c - +0 helmet
rElec   +          Rampage  .    (no cloak)
rCorr   .          NoTele   +    x - +0 pair of gloves
Will    +....                    (no boots)
Stlth   +                        (no amulet)
HPRegen 0.30/turn                y - ring "Akiokluf" {Will+ MP+9}
MPRegen 0.15/turn                (no ring)

@: unable to drink
A: sickness immunity, AC +5, negative energy resistance 1, electricity
resistance, torment resistance 1, petrification resistance, see invisible,
clumsy 1, deformed body, low MP 1, robust 1, weak 1, evolution 1, inability to
drink after injury 1
a: Renounce Religion


You were in the Dungeon.
You worshipped Trog.
Trog was noncommittal.
You visited 1 branch You collected 615 gold pieces.
You spent 263 gold pieces at shops.

Inventory:

Hand Weapons
 a - a +0 flail (weapon)
Missiles
 d - 2 throwing nets (quivered)
 e - a javelin
Armour
 b - a +0 leather armour (worn)
 c - a +0 helmet (worn)
 x - a +0 pair of gloves (worn)
Jewellery
 y - the ring "Akiokluf" (left hand) {Will+ MP+9}
   (You bought it in a shop in the Dungeon)

   [ring of magical power]

   MP:        It affects your magic capacity (+9).
   Will:      It increases your willpower.
Scrolls
 g - a scroll of butterflies {unknown}
 j - a scroll of magic mapping {unknown}
 k - a scroll of identify {unknown}
 m - 2 scrolls of poison {unknown}
 n - 2 scrolls of vulnerability {unknown}
 p - a scroll of fog {unknown}
 r - a scroll of enchant weapon {unknown}
 v - a scroll of amnesia {unknown}
 z - a scroll of fear
Potions
 f - 2 potions of curing
 h - a potion of might
 i - 6 potions of magic
 l - 3 potions of resistance {unknown}
 o - a potion of mutation {unknown}
 q - 3 potions of attraction {unknown}
 s - 4 potions of flight
 t - a potion of invisibility {unknown}
 u - a potion of degeneration {unknown}
 w - a potion of lignification {unknown}


   Skills:
 + Level 9.3 Fighting
 - Level 14.5 Maces & Flails
 - Level 2.1 Throwing
 + Level 4.0 Armour
 + Level 3.5 Dodging


You had 7 spell levels left.
You didn't know any spells.
Your spell library was empty.

Dungeon Overview and Level Annotations

Branches:
Dungeon (1/1)

Altars:
Cheibriados
Dithmenos
Elyvilon
Fedhas
Gozag
Hepliaklqana
Kikubaaqudgha
Makhleb
Nemelex Xobeh
Okawaru
Qazlal
Ru
Sif Muna
Trog
Uskayaw
Vehumet
Wu Jian
Xom
Yredelemnul
Zin
The Shining One
Jiyva
Lugonu

Shops:
D ?=:!!!*(=[!!:[=

Annotations:
D exclusion: oklob plant, Roxanne


Innate Abilities, Weirdness & Mutations

You are immune to sickness and miasma.
Your stone body is resilient. (AC +5)
You are immune to poison.
You resist negative energy. (rN+)
You are resistant to electric shocks. (rElec)
You are resistant to unholy torment.
You are immune to petrification.
You have supernaturally acute eyesight. (SInv)
You are clumsy. (Dex -2)
Armour fits poorly on your strangely shaped body.
Your magical capacity is low. (-10% MP)
You are robust. (+10% HP)
You are weak. (Str -2)
You have hidden genetic potential.
You occasionally lose the ability to drink potions when taking damage.


Message History

You hit the wyvern.
The wyvern is lightly wounded.
The wyvern barely misses you. The wyvern bites you!
The wyvern bites you but does no damage.
You hit the wyvern.
The wyvern is moderately wounded.
The death yak snorts and paws the ground.
The wyvern closely misses you. x2
Unknown command.
You barely miss the wyvern.
The wyvern is heavily wounded.
The wyvern bites you!
You feel threatened and lose the ability to drink potions!
* * * LOW HITPOINT WARNING * * *
The wyvern bites you.
* * * LOW HITPOINT WARNING * * *
Throw: 3 throwing nets
Press: ? - help, Q - select action, (/) - cycle Shift-Dir - straight line, f - wyvern
Aim: a wyvern (moderately wounded, 60% to hit)
You throw a throwing net. The throwing net hits the wyvern.
The wyvern is caught in the net!
The wyvern is moderately wounded.
The wyvern barely misses you.
The wyvern struggles against the net.
Unknown command.
Unknown command.
You hit the wyvern but do no damage.
The wyvern is moderately wounded.
The wyvern bites you.
* * * LOW HITPOINT WARNING * * *
The wyvern struggles against the net.
You catch the helpless wyvern completely off-guard!
You hit the wyvern.
The wyvern is heavily wounded.
The wyvern misses you.
The wyvern struggles against the net.
Unknown command.
You hit the wyvern.
The wyvern is heavily wounded.
The wyvern barely misses you.
The wyvern struggles against the net.
The wyvern bites you!
You die...

############~~#+++#+++##
###########~~~.........#
##∩.......#~~~~.##'##..#
##.∩.....∩#~~~~###..##.####
##∩.∩...∩.#~~~~#.##..#....#
##.∩.∩.∩.∩#~~####.#.####..#
##..∩.∩.∩.#~##.###÷###.##..
##...∩...l#~#.#l##.##.#.#..
##....⌠...@l'# #+.<.'##.+..
##........#~#.#l##.###..#..
#▓▓▓▓▓▓▓###~##.# #'# #.##..
##[(Y######~~# ##.#.####~~.
#(.D#G ##~~~#.. ..#~~~~~
#∩P?+. +#~### ###~§~~~ #!($
[ ~~# #~~§§§≈ ~~ ~~~~§§§§
'''#~≈≈§


You could see a fire dragon, a death yak, an oklob plant and 2 wyverns.

Vanquished Creatures
  4 neqoxecs (D)
  Menkaure (D)
  2 water moccasins (D)
  4 scorpions (D)
  3 worms (D)
14 creatures vanquished.

Vanquished Creatures (others)
  4 tentacles (D)
4 creatures vanquished.

Grand Total: 18 creatures vanquished

Notes
Turn   | Place    | Note
-------+----------+-------------------------------------------
     0 | D        | dialectric the Gargoyle Gladiator began the quest for the
                  | Orb.
     0 | D        | Reached XP level 1. HP: 12/12 MP: 1/1
     1 | D        | Noticed a wyvern
     1 | D        | Noticed a wyvern
    20 | D        | Reached XP level 2. HP: 18/18 MP: 2/2
    26 | D        | Reached skill level 4 in Maces & Flails
    31 | D        | Noticed Roxanne
    37 | D        | Noticed a neqoxec
    37 | D        | Noticed a neqoxec
    43 | D        | Gained mutation: Armour fits poorly on your strangely
                  | shaped body. [a neqoxec]
    45 | D        | Killed a neqoxec
    45 | D        | Gained mutation: You are weak. (Str -2) [a neqoxec]
    46 | D        | Reached skill level 5 in Fighting
    46 | D        | Reached skill level 9 in Maces & Flails
    46 | D        | Reached XP level 3. HP: 26/26 MP: 3/3
    46 | D        | Reached XP level 4. HP: 31/31 MP: 4/4
    46 | D        | Reached XP level 5. HP: 35/35 MP: 5/5
    47 | D        | Gained mutation: You have supernaturally acute eyesight.
                  | (SInv) [a neqoxec]
    52 | D        | Killed a neqoxec
    53 | D        | Reached skill level 11 in Maces & Flails
    53 | D        | Reached XP level 6. HP: 41/41 MP: 6/6
    89 | D        | Reached skill level 12 in Maces & Flails
    94 | D        | Reached XP level 7. HP: 48/48 MP: 7/7
   102 | D        | Reached skill level 13 in Maces & Flails
   102 | D        | Reached skill level 1 in Armour
   116 | D        | Noticed a neqoxec
   120 | D        | Gained mutation: You have hidden genetic potential. [a
                  | neqoxec]
   132 | D        | Gained mutation: Your magical capacity is low. (-10% MP) [a
                  | neqoxec]
   135 | D        | Killed a neqoxec
   147 | D        | Reached skill level 14 in Maces & Flails
   150 | D        | Noticed Menkaure
   156 | D        | Killed Menkaure
   169 | D        | Found a snail-covered altar of Cheibriados.
   170 | D        | Found a shadowy altar of Dithmenos.
   171 | D        | Found a white marble altar of Elyvilon.
   171 | D        | Found an ancient bone altar of Kikubaaqudgha.
   171 | D        | Found a viscous altar of Jiyva.
   172 | D        | Found a blossoming altar of Fedhas.
   172 | D        | Found a corrupted altar of Lugonu.
   172 | D        | Found a shimmering blue altar of Sif Muna.
   173 | D        | Found an opulent altar of Gozag.
   173 | D        | Found a burning altar of Makhleb.
   173 | D        | Found a bloodstained altar of Trog.
   174 | D        | Found a sparkling altar of Nemelex Xobeh.
   174 | D        | Found a hide-covered altar of Uskayaw.
   175 | D        | Found a basalt altar of Yredelemnul.
   176 | D        | Found an iron altar of Okawaru.
   176 | D        | Found a radiant altar of Vehumet.
   176 | D        | Found a glowing silver altar of Zin.
   176 | D        | Found a hazy altar of Hepliaklqana.
   176 | D        | Found a sacrificial altar of Ru.
   176 | D        | Found a shimmering altar of Xom.
   177 | D        | Found a stormy altar of Qazlal.
   177 | D        | Found an ornate altar of the Wu Jian Council.
   177 | D        | Found a glowing golden altar of the Shining One.
   183 | D        | Became a worshipper of Trog the Wrathful
   197 | D        | Noticed a kraken
   267 | D        | Noticed a neqoxec
   311 | D        | Upgraded the game from 0.30-a0-1043-g60ff8d5f49 to
                  | 0.30-a0-1066-g63dfefce0d
   323 | D        | Noticed a yaktaur
   323 | D        | Noticed a hornet
   323 | D        | Noticed a polar bear
   323 | D        | Noticed a polar bear
   323 | D        | Noticed a polar bear
   325 | D        | Gained mutation: You are clumsy. (Dex -2) [a neqoxec]
   348 | D        | Found Learodaz's Antique Armour Boutique.
   348 | D        | Found Xilymiz's Jewellery Shop.
   349 | D        | Found Zuetimu's Distillery.
   349 | D        | Found Poahej's Book Shop.
   350 | D        | Found Iroenu's Distillery.
   351 | D        | Found Hashrulo's Antique Armour Boutique.
   352 | D        | Found Xosiad's Antique Weapon Shop.
   352 | D        | Found Vujashruf's Jewellery Boutique.
   353 | D        | Found Xuuqoxid's Assorted Antiques.
   353 | D        | Found Imybupna's Distillery.
   356 | D        | Found Idu Cenin's Distillery.
   356 | D        | Found Ciecomoo's Distillery.
   356 | D        | Noticed a death yak
   356 | D        | Noticed an oklob plant
   357 | D        | Found Haga's Jewellery Shop.
   357 | D        | Found Xaf Guki's Magic Scroll Boutique.
   357 | D        | Found Woicakhu's Book Shoppe.
   361 | D        | Noticed a fire dragon
   371 | D        | Gained mutation: You occasionally lose the ability to drink
                  | potions when taking damage. [a neqoxec]
   372 | D        | Killed a neqoxec
   373 | D        | Reached XP level 8. HP: 24/56 MP: 7/7
   380 | D        | Bought a potion of might for 44 gold pieces
   381 | D        | Noticed a shining eye
   381 | D        | Noticed a shining eye
   392 | D        | Gained mutation: You are robust. (+10% HP) [hidden
                  | potential]
   496 | D        | Bought a crude brass ring for 135 gold pieces
   496 | D        | Identified the ring "Akiokluf" {Will+ MP+9} (You bought it
                  | in a shop in the Dungeon)
   560 | D        | Bought a potion of flight for 36 gold pieces
   563 | D        | Bought a scroll of fear for 48 gold pieces
   588 | D        | Mangled by a wyvern

Illustrated notes

Levels and vault maps discovered:
D:        the_violet_keep_of_menkaure [sprint2_stairs_cluster_1,
          sprint2_shoproom, sprint2_temple, sprint2_basic_supplies,
          sprint2_obstacle_5, sprint2_obstacle_1, sprint2_obstacle_6,
          sprint2_obstacle_2, sprint2_obstacle_7, sprint2_timed_cluster_1,
          sprint2_smallroom_cluster_1, sprint2_smallroom_final_cluster_1,
          sprint2_transparent_cluster_1, sprint2_second_timed_cluster_1,
          sprint2_sniper_area_1, sprint2_heavy_combat_area_1,
          sprint2_mutation_trap_area_1, sprint2_forest_area_1,
          sprint2_light_combat_area_1, sprint2_behind_water_1,
          sprint2_near_end_vault_1]

Skill      XL: |  1  2  3  4  5  6  7 |
---------------+----------------------+-----
Throwing       | 2 |  2.1
Dodging        | 3 |  3.5
Maces & Flails | 9 11 12 14 | 14.5
Fighting       | 5 6 7 9 |  9.3
Armour         | 4 |  4.0

Action                     |  1- 3 |  4- 6 |  7- 9 || total
---------------------------+-------+-------+-------++-------
  Melee: Flail             |    26 |    23 |    55 ||   104
  Throw: Throwing net      |       |       |     2 ||     2
    Use: Potion            |     1 |       |     2 ||     3
         Scroll            |       |       |     1 ||     1
   Stab: Held in net/web   |       |       |     2 ||     2
 Armour: Leather armour    |     4 |     6 |    13 ||    23
  Dodge: Dodged            |    10 |     8 |    28 ||    46

Table legend: (Time is in decaauts)
 A = Elapsed time spent in this place.
 B = Non-inter-level travel time spent in this place.
 C = Inter-level travel time spent in this place.
 D = Time resting spent in this place.
 E = Time spent auto-exploring this place.
 F = Levels seen in this place.
 G = Mean time per level.
                   A        B        C        D        E       F      G
               +--------+--------+--------+--------+--------+-----+--------+
         Total |    578 |    578 |      0 |     24 |    191 |   1 |  578.0 |
       Dungeon |    578 |    578 |      0 |     24 |    191 |   1 |  578.0 |
               +--------+--------+--------+--------+--------+-----+--------+

Top non-repeatable levels by time:
       D: 578 daAuts
